 Dungeon Crawl Stone Soup version 0.29-a0-270-g1586fc07ea (webtiles) character file.

Game seed: 6415874986871382001

5 Hubris850 the Bolt Thrower (level 1, -3/18 HPs)
             Began as a Minotaur Hunter on Mar 7, 2022.
             Slain by a gnoll
             ... wielding a +0 spear
              (6 damage)
             ... on level 1 of the Dungeon.
             The game lasted 00:00:31 (42 turns).

Hubris850 the Bolt Thrower (Minotaur Hunter)          Turns: 42, Time: 00:00:32

Health: -3/18      AC:  3    Str: 16    XL:     1   Next: 66%
Magic:  0/0        EV: 11    Int:  8    God:
Gold:   0          SH:  0    Dex: 10    Spells: 0/0 levels left

rFire   . . .      SeeInvis .   a - +1 hand crossbow
rCold   . . .      Faith    .   (no shield)
rNeg    . . .      Spirit   .   b - +0 leather armour
rPois   .          Reflect  .   (helmet restricted)
rElec   .          Harm     .   (no cloak)
rCorr   .          Rampage  .   (no gloves)
Will    .....                   (no boots)
Stlth   +.........              (no amulet)
HPRegen 0.06/turn               (no ring)
MPRegen 0.07/turn               (no ring)

@: no status effects
A: horns 2, retaliatory headbutt
a: no special abilities


You were on level 1 of the Dungeon.
You visited 1 branch of the dungeon, and saw 1 of its levels.

Inventory:

Hand Weapons
 a - a +1 hand crossbow (weapon)
Armour
 b - a +0 leather armour (worn)
Scrolls
 c - a scroll of immolation
 d - a scroll of vulnerability {unknown}


   Skills:
 - Level 2.4 Fighting
 + Level 4.5 Crossbows
 + Level 1.0 Armour
 - Level 2.1 Dodging
 - Level 0.7 Stealth


You couldn't memorise any spells.
You didn't know any spells.
Your spell library contained the following spells:

 Spells                   Type           Power      Damage    Failure   Level
 Sandblast                Erth           0%         2d4       47%         1
 Passwall                 Tmut/Erth      0%         N/A       63%         2
 Stone Arrow              Conj/Erth      0%         3d7       85%         3


Dungeon Overview and Level Annotations

Branches:
Dungeon (1/15)

Altars:


Innate Abilities, Weirdness & Mutations

You have a pair of horns on your head.
You reflexively headbutt those who attack you in melee.


Message History

You shoot a bolt. The bolt barely misses the gnoll.
The bolt completely misses the hobgoblin.
You shoot a bolt. The bolt closely misses the gnoll.
The bolt hits the hobgoblin.
The hobgoblin is almost dead.
The gnoll hits you from afar with a +0 spear. x2
You shoot a bolt. The bolt closely misses the gnoll.
The bolt closely misses the hobgoblin.
The bolt barely misses the rat.
The gnoll barely misses you.
You shoot a bolt. The bolt hits the gnoll.
The gnoll is heavily wounded.
The gnoll hits you from afar with a +0 spear.
You are too injured to fight recklessly!
You are too injured to fight recklessly!
You are too injured to fight recklessly!
Shoot: a) +1 hand crossbow
Press: ? - help, Q - select action Shift-Dir - straight line, f/p - gnoll
Aim: a gnoll, wielding a +0 spear (heavily wounded, 65% to hit)
You shoot a bolt.
The bolt hits the gnoll but does no damage.
The gnoll is heavily wounded.
The gnoll closely misses you.
The gnoll hits you from afar with a +0 spear.
* * * LOW HITPOINT WARNING * * *
Unknown command.
Shoot: a) +1 hand crossbow
Press: ? - help, Q - select action Shift-Dir - straight line, f/p - gnoll
Aim: a gnoll, wielding a +0 spear (heavily wounded, 65% to hit)
You shoot a bolt. The bolt barely misses the gnoll.
The bolt hits the hobgoblin.
You kill the hobgoblin!
The gnoll closely misses you.
Your Armour skill increases to level 1!
Shoot: a) +1 hand crossbow
Press: ? - help, Q - select action Shift-Dir - straight line, f/p - gnoll
Aim: a gnoll, wielding a +0 spear (heavily wounded, 65% to hit)
You shoot a bolt. The bolt hits the gnoll.
The gnoll is severely wounded.
The gnoll hits you from afar with a +0 spear.
You die...

..≈.....≈.....≈.........
≈≈.......≈≈≈≈≈......####
≈....<....≈≈≈.......#
...........≈........#
≈≈≈≈≈.≈≈≈≈≈.........#
.≈≈≈...≈≈≈.....#.#..#
..≈.....≈......#.#..#
...≈≈≈≈≈............#
....≈≈≈.....##.#@#.##
.....≈.....#............
.##.#.#g##.#### #.#.#r#
.# . #.#.# # . ..#.# †.
###.# ...


You could see a gnoll and a rat.

Vanquished Creatures
  An endoplasm (D:1)
  A hobgoblin (D:1)
  A jackal (D:1)
  A ball python (D:1)
  A rat (D:1)
5 creatures vanquished.

Notes
Turn   | Place    | Note
-------+----------+-------------------------------------------
     0 | D:1      | Hubris850 the Minotaur Hunter began the quest for the Orb.
     0 | D:1      | Reached XP level 1. HP: 18/18 MP: 0/0
    42 | D:1      | Reached skill level 1 in Armour
    42 | D:1      | Slain by a gnoll

Illustrated notes

Levels and vault maps discovered:
D:1:      onia_arrival_pyramid, layout_basic,
          ebering_ecumenical_altar_sacrificial

Skill      XL: |  1 |
---------------+----+-----
Armour         | 1 |  1.0
Fighting       | |  2.4
Crossbows      | |  4.5
Dodging        | |  2.1
Stealth        | |  0.7

Action                   || total
-------------------------++-------
 Fire: Hand crossbow     ||    18
Dodge: Dodged            ||     3

Table legend: (Time is in decaauts)
 A = Elapsed time spent in this place.
 B = Non-inter-level travel time spent in this place.
 C = Inter-level travel time spent in this place.
 D = Time resting spent in this place.
 E = Time spent auto-exploring this place.
 F = Levels seen in this place.
 G = Mean time per level.
                   A        B        C        D        E       F      G
               +--------+--------+--------+--------+--------+-----+--------+
         Total |     47 |     47 |      0 |      0 |     18 |   1 |   47.0 |
       Dungeon |     47 |     47 |      0 |      0 |     18 |   1 |   47.0 |
               +--------+--------+--------+--------+--------+-----+--------+

Top non-repeatable levels by time:
     D:1: 47 daAuts
